[Event "*** Titled Tuesday Blitz"]
[Site "Chess.com"]
[Date "2020.05.26"]
[Round "9"]
[White "Chepaschess"]
[Black "GHANDEEVAM2003"]
[Result "1-0"]
[WhiteElo "2829"]
[BlackElo "2918"]
[TimeControl "180+1"]
[EndTime "11:48:34 PDT"]
[Termination "Chepaschess won by resignation"]

1. Nf3 Nf6 2. c4 e6 3. d4 d5 4. g3 dxc4 5. Bg2 Bd7 6. O-O Bc6 7. Qc2 b5 8. Nc3 Nbd7 9. e4 b4 10. d5 Bxd5 11. exd5 bxc3 12. dxe6 fxe6 13. Ng5 Nc5 14. Bc6+ Nfd7 15. Re1 Rb8 16. Nxe6 Nxe6 17. Rxe6+ Be7 18. Bg5 O-O 19. Bxe7 cxb2 20. Rb1 Qe8 21. Rxb2 Rxb2 22. Qxb2 Rf7 23. Bxd7 1-0

[Event "*** Titled Tuesday Blitz"]
[Site "Chess.com"]
[Date "2020.05.26"]
[Round "9"]
[White "zala02"]
[Black "FMOlexandrProhorov"]
[Result "1-0"]
[WhiteElo "2232"]
[BlackElo "2065"]
[TimeControl "180+1"]
[EndTime "11:48:40 PDT"]
[Termination "zala02 won by checkmate"]

1. d4 g6 2. c4 Bg7 3. Nc3 c5 4. d5 Bxc3+ 5. bxc3 f5 6. g3 Qa5 7.
Qd3 Nf6 8. Bg2 d6 9. Bh6 Rg8 10. h4 Nbd7 11. Nf3 Nb6 12. O-O Bd7 13. Rfe1 O-O-O 14. Nd2 Ng4 15. Bf4 e5 16. dxe6 Bxe6 17. e4 Rge8 18.
exf5 Bxf5 19. Qf3 Rxe1+ 20. Rxe1 Rd7 21. Re8+ Kc7 22. Qxb7# 1-0

[Event "*** Titled Tuesday Blitz"]
[Site "Chess.com"]
[Date "2020.05.26"]
[Round "9"]
[White "NewBornNow"]
[Black "Zakaryan_David"]
[Result "1-0"]
[WhiteElo "2740"]
[BlackElo "2532"]
[TimeControl "180+1"]
[EndTime "11:48:43 PDT"]
[Termination "NewBornNow won by resignation"]

1. e4 c5 2. Nf3 d6 3. Bb5+ Bd7 4. c4 g6 5. O-O Bg7 6. d4 cxd4 7. Nxd4 Nf6 8. Nc3 O-O 9. h3 Bc8 10. Be3 a6 11. Ba4 Qa5 12. Rc1 Nbd7 13. a3 Qh5 14.
Qxh5 Nxh5 15. Nd5 e6 16. Ne7+ Kh8 17. Nxc8 Nc5 18. Nb6 Rad8 19. Bc2 f5 20. b4 e5 21.
Nxf5 gxf5 22. bxc5 f4 23. Bd2 dxc5 24. Nd5 f3 25. g3 Rxd5 26. cxd5 Rf4 27. gxf4 Ng3 28. fxg3 exf4 29. gxf4 Ba1 30. Rxa1 f2+ 31. Rxf2 1-0

[Event "*** Titled Tuesday Blitz"]
[Site "Chess.com"]
[Date "2020.05.26"]
[Round "9"]
[White "DariaVoit"]
[Black "Chessdemon2019"]
[Result "1-0"]
[WhiteElo "2509"]
[BlackElo "2322"]
[TimeControl "180+1"]
[EndTime "11:49:07 PDT"]
[Termination "DariaVoit won by resignation"]

1. d4 Nf6 2. Nf3 b6 3. c4 e6 4. g3 Bb7 5. Bg2 Bb4+ 6. Bd2 Bxd2+ 7. Nbxd2 O-O 8. Qc2 d6 9. e4 Nbd7 10. O-O e5 11. d5 Qe7 12. b4 a5 13. a3 h6 14. Nb3 axb4 15. axb4 g6 16. Rfc1 Kg7 17. Ne1 Nh7 18. Nd3 f5 19. c5 bxc5 20. bxc5 Rxa1 21. Rxa1 Ndf6 22. Ra7 fxe4 23. Rxb7 exd3 24. Qxd3 dxc5 25. d6 Qd7 26. Rxc7 Rb8 27. Nxc5 Qxc7 28. dxc7 Rc8 29. Qd6 Nf8 30. Qe7+ Kg8 31. Qxf6 Rxc7 32. Bd5+ Kh7 33.
Qxf8 Rg7 34. Nd7 g5 35. Be4+ 1-0

[Event "*** Titled Tuesday Blitz"]
[Site "Chess.com"]
[Date "2020.05.26"]
[Round "9"]
[White "nurmiTV"]
[Black "BikingBrian"]
[Result "1-0"]
[WhiteElo "2504"]
[BlackElo "2270"]
[TimeControl "180+1"]
[EndTime "11:49:10 PDT"]
[Termination "nurmiTV won by resignation"]

1. c4 g6 2. Nc3 Bg7 3. g3 c5 4. Bg2 Nc6 5. e3 e5 6. Nge2 Nge7 7. d3 O-O 8. O-O d6 9. a3 Rb8 10. Rb1 a5 11. Nd5 Nxd5 12. cxd5 Ne7 13. b4 cxb4 14. axb4 b5 15. bxa5 Qxa5 16. Bd2 Qb6 17. Bb4 Bd7 18. Nc3 f5 19. Qb3 Rfc8 20. Rfc1 Bh6 21. Kh1 Ra8 22. Ba3 Qa5 23. Bxd6 Qd8 24. Bxe5 Bf8 25.
d6+ 1-0

[Event "*** Titled Tuesday Blitz"]
[Site "Chess.com"]
[Date "2020.05.26"]
[Round "9"]
[White "bakki78"]
[Black "LiverpooL174"]
[Result "0-1"]
[WhiteElo "2741"]
[BlackElo "2682"]
[TimeControl "180+1"]
[EndTime "11:49:17 PDT"]
[Termination "LiverpooL174 won by resignation"]

1. e4 c6 2. d4 d5 3. e5 Bf5 4. Be2 e6 5. Nf3 Ne7 6. c3 Nd7 7. O-O Bg6 8. Na3 Nf5 9. Nc2 Be7 10. g4 Nh4 11. Nxh4 Bxh4 12. f4 f6 13. Ne3 fxe5 14. fxe5 Rf8 15. Ng2 Bg5 16. Bxg5 Qxg5 17. h4 Rxf1+ 18.
Bxf1 Qe7 19. Qe1 Kf8 20. Nf4 Be4 21. Qg3 Kg8 22. Bh3 Nf8 23. Rf1 c5 24. g5 cxd4 25. cxd4 Rc8 26. Qg4 Bf5 27. Nxd5 Qd8 28. Rxf5 exf5 29.
Qf3 g6 30. Nf6+ Kh8 31. Qe3 Qb6 32. Nd5 Qxb2 33. e6 Qc1+ 0-1

[Event "*** Titled Tuesday Blitz"]
[Site "Chess.com"]
[Date "2020.05.26"]
[Round "9"]
[White "stolencandy13"]
[Black "Azeryahu"]
[Result "1-0"]
[WhiteElo "2588"]
[BlackElo "2744"]
[TimeControl "180+1"]
[EndTime "11:49:17 PDT"]
[Termination "stolencandy13 won by resignation"]

1. e4 c6 2. d4 d5 3. e5 Bf5 4. h4 h6 5. g4 Bd7 6. h5 c5 7. c3 Nc6 8. Na3 Qb6 9. dxc5 Qxc5 10. Be3 Qa5 11. f4 e6 12. Nb5 a6 13. Nd4 Nxd4 14. Qxd4 Ne7 15. Nf3 Nc6 16. Qb6 Qxb6 17. Bxb6 Be7 18.
O-O-O f6 19. exf6 gxf6 20. Nh4 Bd6 21. Ng6 Rg8 22. f5 Ne7 23. Bd3 e5 24. Be3 Rg7 25. Bxh6 Rh7 26. Be3 O-O-O 27. Nxe7+ Bxe7 28. g5 e4 29. g6 Rhh8 30. Be2 Bxf5 31. g7 Rh7 32. Rxd5 1-0

[Event "*** Titled Tuesday Blitz"]
[Site "Chess.com"]
[Date "2020.05.26"]
[Round "9"]
[White "AlexOstrovskiy"]
[Black "Kildepiotr"]
[Result "1-0"]
[WhiteElo "2626"]
[BlackElo "2492"]
[TimeControl "180+1"]
[EndTime "11:49:21 PDT"]
[Termination "AlexOstrovskiy won by checkmate"]

1. d4 c5 2. c3 Nf6 3. Bf4 d5 4.
e3 Bf5 5. Nd2 Nbd7 6. Ngf3 e6 7.
Nh4 Bg6 8. Nxg6 hxg6 9. h3 Qb6 10. Qb3 c4 11. Qc2 Qc6 12. Be2 Be7 13. Bf3 O-O 14. e4 b5 15. h4 Nb6 16. e5 Nfd7 17. h5 g5 18. Be3 f5 19. exf6 Bxf6 20. h6 Rf7 21. Qg6 Raf8 22. Ne4 e5 23. Nxg5 exd4 24. Qh7# 1-0

[Event "*** Titled Tuesday Blitz"]
[Site "Chess.com"]
[Date "2020.05.26"]
[Round "9"]
[White "StephenDedalus83"]
[Black "BlackWidow515"]
[Result "1-0"]
[WhiteElo "2714"]
[BlackElo "2146"]
[TimeControl "180+1"]
[EndTime "11:49:23 PDT"]
[Termination "StephenDedalus83 won by resignation"]

1. e4 e5 2. Nf3 Nc6 3. Bb5 a6 4. Ba4 Nf6 5. O-O Be7 6. Re1 b5 7. Bb3 d6 8. c3 O-O 9. d3 Nb8 10.
Nbd2 c5 11. Nf1 Nbd7 12. Ng3 a5 13. Nf5 a4 14. Bc2 Re8 15. Nxe7+ Qxe7 16. Nh4 Nf8 17. Qf3 Ng6 18. Nf5 Qc7 19. Nh6+ Kf8 20. Bg5 Re6 21. Rac1 Ne8 22. Nf5 h6 23. Bd2 Rf6 24. Qg3 Bxf5 25. exf5 Rxf5 26. d4 Rf6 27. dxc5 dxc5 28. Bxg6 Rxg6 29. Qxe5 Qxe5 30. Rxe5 Rd8 31.
Be3 Rgd6 32. Bxc5 f6 33. Bxd6+ Rxd6 34. Rxb5 Nc7 35. Rb4 Rd2 36. Kf1 Nd5 37. Rd4 1-0

[Event "*** Titled Tuesday Blitz"]
[Site "Chess.com"]
[Date "2020.05.26"]
[Round "9"]
[White "Tejas_Rama"]
[Black "RATNAKARAN"]
[Result "0-1"]
[WhiteElo "2387"]
[BlackElo "2536"]
[TimeControl "180+1"]
[EndTime "11:49:26 PDT"]
[Termination "RATNAKARAN won by resignation"]

1. Nf3 d5 2. c4 dxc4 3. e3 b5 4. a4 c6 5. axb5 cxb5 6. Nd4 Qd7 7. Ra5 Nc6 8. Nxc6 Qxc6 9. Na3 a6 10. d3 e6 11. Bd2 cxd3 12. Bxd3 Qxg2 13. Rf1 Nf6 14. e4 Bxa3 15. bxa3 O-O 16. e5 Ng4 17. Qc2 Nxh2 18. Bf4 Nxf1 19. Bxh7+ Kh8 20. Be4 Qg1 21. Qc3 Ng3+ 22. Kd2 Nxe4+ 0-1

[Event "*** Titled Tuesday Blitz"]
[Site "Chess.com"]
[Date "2020.05.26"]
[Round "9"]
[White "druskacik"]
[Black "rpragchess"]
[Result "1-0"]
[WhiteElo "2600"]
[BlackElo "2804"]
[TimeControl "180+1"]
[EndTime "11:49:30 PDT"]
[Termination "druskacik won by resignation"]

1. e4 d5 2. exd5 Qxd5 3. Nc3 Qd6 4. d4 c6 5. Nf3 Nf6 6. Ne5 Nbd7 7. f4 Nb6 8. g4 h6 9. Bg2 e6 10. O-O c5 11.
Nb5 Qd8 12. g5 Nfd7 13. g6 Nxe5 14. fxe5 fxg6 15. Qg4 Nd5 16. Qxg6+ Kd7 17. Bxd5 exd5 18.
e6+ Kc6 19. e7+ 1-0

[Event "*** Titled Tuesday Blitz"]
[Site "Chess.com"]
[Date "2020.05.26"]
[Round "9"]
[White "albano87"]
[Black "Msb2"]
[Result "0-1"]
[WhiteElo "2406"]
[BlackElo "2853"]
[TimeControl "180+1"]
[EndTime "11:49:37 PDT"]
[Termination "Msb2 won by resignation"]

1. Nf3 d5 2. d4 Nf6 3. g3 Bf5 4. Bg2 e6 5. O-O h6 6. c3 Nbd7 7. Nbd2 Bd6 8. Re1 Bh7 9. a4 a5 10. b3 O-O 11. Ba3 Bxa3 12. Rxa3 c5 13. Ra1 cxd4 14.
cxd4 Qb6 15. Rc1 Rfc8 16. e3 Qb4 17. Qe2 Rc3 18. Rxc3 Qxc3 19. Qb5 b6 20. Bf1 Rc8 21. Rd1 Rc7 22. Be2 Ne4 23. Nxe4 Bxe4 24. Ne5 Nxe5 25. dxe5 Qxe5 26. Qxb6 Rc2 27. Bd3 Bxd3 28. Rxd3 Rc1+ 29. Kg2 Qe4+ 0-1

[Event "*** Titled Tuesday Blitz"]
[Site "Chess.com"]
[Date "2020.05.26"]
[Round "9"]
[White "SamuelGhimpu2003"]
[Black "MasterKroket"]
[Result "1-0"]
[WhiteElo "2572"]
[BlackElo "2407"]
[TimeControl "180+1"]
[EndTime "11:49:37 PDT"]
[Termination "SamuelGhimpu2003 won by resignation"]

1. e4 c5 2. Nf3 e6 3. d4 cxd4 4. Nxd4 Nc6 5. Nc3 Qc7 6. f4 Nxd4 7. Qxd4 b6 8. Be3 Bb7 9. O-O-O Nf6 10. e5 Bc5 11. Qd2 Bxe3 12. Qxe3 Nd5 13. Nxd5 Bxd5 14. Kb1 O-O 15. c4 Bc6 16. Rd6 f6 17. Bd3 fxe5 18. fxe5 Rf7 19. Rd4 Raf8 20. Rh4 h6 21. Rg4 Kh8 22. a3 d5 23. Rc1 Qd7 24. Qg3 dxc4 25. Bxc4 Qd2 26. Qd3 Qxd3+ 27. Bxd3 Bxg2 28. Rxg2 Rd8 29. Bg6 Rf4 30. Rgc2 1-0

[Event "*** Titled Tuesday Blitz"]
[Site "Chess.com"]
[Date "2020.05.26"]
[Round "9"]
[White "GMNickPert"]
[Black "AGW2016"]
[Result "1-0"]
[WhiteElo "2664"]
[BlackElo "2259"]
[TimeControl "180+1"]
[EndTime "11:49:41 PDT"]
[Termination "GMNickPert won by checkmate"]

1. d4 Nf6 2. Nf3 g6 3. g3 Bg7 4. Bg2 O-O 5. O-O d6 6. Nc3 c6 7. e4 Nbd7 8. e5 Ne8 9. Bf4 d5 10. Qd2 Nc7 11. Bh6 c5 12. Bxg7 Kxg7 13. Rae1 cxd4 14.
Nxd4 Nc5 15. f4 N5e6 16. Nce2 Nxd4 17. Nxd4 Ne6 18. f5 Nxd4 19. f6+ exf6 20. exf6+ Kh8 21. Qxd4 Be6 22. Qf4 Rc8 23. Qh6 Rg8 24. g4 Rxc2 25. g5 Qb6+ 26. Kh1 Qxb2 27. Rf4 Rc1 28. Qxh7+ Kxh7 29.
Rh4# 1-0

[Event "*** Titled Tuesday Blitz"]
[Site "Chess.com"]
[Date "2020.05.26"]
[Round "9"]
[White "Mikhal867"]
[Black "Nor1lsk"]
[Result "0-1"]
[WhiteElo "2213"]
[BlackElo "2602"]
[TimeControl "180+1"]
[EndTime "11:49:44 PDT"]
[Termination "Nor1lsk won by resignation"]

1. c4 g6 2. d4 Bg7 3. e4 c5 4.
d5 d6 5. Nc3 e6 6. Nf3 Ne7 7. Bd3 O-O 8. h3 h6 9. O-O g5 10. Nh2 f5 11. dxe6 f4 12. e5 dxe5 13. Be4 Nbc6 14. Nb5 Bxe6 15. b3 Bf5 16. Qf3 Nd4 17. Nxd4 Qxd4 18. Bxf5 Nxf5 19. Ba3 e4 20. Qh5 Ng3 21. Qg6 Rf6 0-1

[Event "*** Titled Tuesday Blitz"]
[Site "Chess.com"]
[Date "2020.05.26"]
[Round "9"]
[White "Danfii"]
[Black "JosefineHeinemann"]
[Result "0-1"]
[WhiteElo "2416"]
[BlackElo "2527"]
[TimeControl "180+1"]
[EndTime "11:49:46 PDT"]
[Termination "JosefineHeinemann won by resignation"]

1. e4 e5 2. Nf3 Nc6 3. Bc4 Bc5 4. O-O Nf6 5. d3 O-O 6. Nbd2 d5 7. exd5 Nxd5 8.
Ne4 Bb6 9. Re1 f6 10. a4 a5 11. c3 Kh8 12. Qb3 Be6 13. Ng3 Qd7 14. d4 Rad8 15.
dxe5 Nxe5 16. Nxe5 fxe5 17. Ne4 Bf5 18. Bxd5 Bxe4 19.
Bxe4 Bxf2+ 20. Kf1 Bxe1+ 21. Kxe1 Qg4 22. Bf3 Qh4+ 23.
Ke2 e4 0-1

[Event "*** Titled Tuesday Blitz"]
[Site "Chess.com"]
[Date "2020.05.26"]
[Round "9"]
[White "ChessTraining77"]
[Black "GMJustin"]
[Result "1-0"]
[WhiteElo "2521"]
[BlackElo "2311"]
[TimeControl "180+1"]
[EndTime "11:49:52 PDT"]
[Termination "ChessTraining77 won on time"]

1. e4 e5 2. Nf3 Nc6 3. Bb5 a6 4. Ba4 d6 5. O-O Nf6 6. c3 Be7 7. Re1 O-O 8. h3 b5 9. Bc2 Re8 10. d4 Bf8 11. a3 h6 12. Nbd2 Nh7 13. Nf1 Ng5 14. Nxg5 hxg5 15. Be3 Be7 16. Ng3 g6 17. a4 Bb7 18. Qe2 b4 19. d5 1-0

[Event "*** Titled Tuesday Blitz"]
[Site "Chess.com"]
[Date "2020.05.26"]
[Round "9"]
[White "GoltsevDmitry2000"]
[Black "Tsyhanchuk_Stanislav"]
[Result "0-1"]
[WhiteElo "2651"]
[BlackElo "2445"]
[TimeControl "180+1"]
[EndTime "11:49:53 PDT"]
[Termination "Tsyhanchuk_Stanislav won by checkmate"]

1. e4 c5 2. Nf3 Nc6 3. d4 cxd4 4.
Nxd4 Qb6 5. Nb3 Nf6 6. Nc3 e6 7. a3 a6 8. Be2 Be7 9. Be3 Qc7 10. O-O O-O 11. f4 d6 12. Bf3 Bd7 13. Nd4 Na5 14. Bc1 Rac8 15. Re1 Nc4 16. Qd3 e5 17. Nf5 Bxf5 18. exf5 exf4 19. Bxf4 Nxb2 20. Qd4 Rfe8 21. Nd5 Nxd5 22. Qxd5 Bf6 23. Rxe8+ Rxe8 24. Qxb7 Qc5+ 25. Kh1 Nd3 26. Bd5 Nf2+ 27. Kg1 Nh3+ 28. Kh1 Qg1+ 29. Rxg1 Nf2# 0-1

[Event "*** Titled Tuesday Blitz"]
[Site "Chess.com"]
[Date "2020.05.26"]
[Round "9"]
[White "talaicito"]
[Black "Ladislav1969"]
[Result "0-1"]
[WhiteElo "2155"]
[BlackElo "2323"]
[TimeControl "180+1"]
[EndTime "11:49:55 PDT"]
[Termination "Ladislav1969 won by resignation"]

1. d4 Nf6 2. Nc3 d5 3. Bf4 e6 4. e3 Bd6 5. Nf3 O-O 6. Bd3 b6 7.
O-O c5 8. dxc5 Bxf4 9. exf4 bxc5 10.
b3 Nc6 11. Ne5 Nd4 12. Ne2 Nxe2+ 13. Qxe2 a5 14. a4 Qb6 15. g4 c4 16. bxc4 dxc4 17.
Nxc4 Qd4 18. g5 Nd5 19. Qe4 Qxe4 20. Bxe4 Ba6 21. Bd3 Nxf4 22. Nxa5 Bxd3 23. cxd3 Rxa5 24. Rfd1 Rfa8 25. h4 Rxa4 26. Rab1 Nd5 27. d4 Nc3 0-1

[Event "*** Titled Tuesday Blitz"]
[Site "Chess.com"]
[Date "2020.05.26"]
[Round "9"]
[White "Grineva_Marianna"]
[Black "Gerodot71"]
[Result "0-1"]
[WhiteElo "2150"]
[BlackElo "2376"]
[TimeControl "180+1"]
[EndTime "11:49:58 PDT"]
[Termination "Gerodot71 won by resignation"]

1. d4 Nf6 2. c4 e6 3. Nc3 d5 4.
cxd5 exd5 5. Bg5 Be7 6. e3 O-O 7. Qc2 c6 8. Bd3 h6 9. Bxf6 Bxf6 10. Nge2 a5 11. a3 Na6 12. Rb1 Qe7 13. O-O Re8 14.
Na4 Bg4 15. Rfc1 Qd6 16. Ng3 h5 17. Nf5 Bxf5 18. Bxf5 h4 19. h3 Bd8 20. Qe2 Bc7 21.
g3 hxg3 22. f3 Qh6 23. Rc3 g6 24. Bd7 Re7 25. Bxc6 bxc6 26. Rxc6 Qxh3 27. Rbc1 Rae8 28. R1c3 Rxe3 29. Rxe3 Rxe3 30. Qxe3 Qh2+ 31. Kf1 g2+ 32. Ke1 g1=Q+ 33. Qxg1 Qxg1+ 34. Kd2 Qxd4+ 35. Kc1 Qxa4 36. Rxa6 Qc4+ 37. Kb1 Qxa6 0-1

[Event "*** Titled Tuesday Blitz"]
[Site "Chess.com"]
[Date "2020.05.26"]
[Round "9"]
[White "Artem_Sadovsky"]
[Black "DanielDardha2005"]
[Result "1-0"]
[WhiteElo "2536"]
[BlackElo "2641"]
[TimeControl "180+1"]
[EndTime "11:50:00 PDT"]
[Termination "Artem_Sadovsky won by resignation"]

1. Nf3 Nc6 2. g3 d5 3. d4 Bg4 4. Bg2 Qd7 5. O-O O-O-O 6. c4 dxc4 7. d5 Qxd5 8. Qxd5 Rxd5 9. Ng5 Rxg5 10. Bxg5 Bxe2 11.
Re1 Bd3 12. Bxc6 bxc6 13. Nd2 Nf6 14. Rac1 h6 15. Bxf6 exf6 16. Re8+ Kd7 17. Rb8 g6 18. Nxc4 Bxc4 19. Rxc4 Bg7 20. Rxh8 Bxh8 21. Ra4 f5 22. b3 c5 23. Rxa7 h5 24. Ra4 Bd4 25. Rc4 Kc6 26.
Kg2 Kd5 27. a4 Kc6 28. Kf3 Kd5 29. h4 Kc6 30. Ke2 Kd5 31. Rc2 Kc6 32. Kd3 Kb6 33. Kc4 f6 34. b4 Kc6 35. a5 Kd6 36. a6 Kc6 37. b5+ Kb6 38. Ra2 Ka7 39. Re2 g5 40. Re7 Be5 41. hxg5 Bd6 42. gxf6 Kb6 43. Re6 1-0

[Event "*** Titled Tuesday Blitz"]
[Site "Chess.com"]
[Date "2020.05.26"]
[Round "9"]
[White "MFguimaraes"]
[Black "AEMEffi"]
[Result "1-0"]
[WhiteElo "2493"]
[BlackElo "2307"]
[TimeControl "180+1"]
[EndTime "11:50:01 PDT"]
[Termination "MFguimaraes won on time"]

1. e4 e5 2. Nf3 Nc6 3. Bc4 Bc5 4. b4 Bxb4 5. c3 Ba5 6. d4 b5 7. Bxb5 Nxd4 8. Nxd4 exd4 9. Qxd4 Qf6 10. e5 Qb6 11. Qd3 Rb8 12. Na3 Qc5 13. O-O Qxc3 14. Qe2 Qxa1 15.
Bb2 Qxa2 16. Nc4 Rxb5 17. Nd6+ cxd6 18. Qxb5 d5 19. Ra1 Qc4 20. Qxa5 Ne7 21. Ba3 h5 22. Rc1 Qa6 23. Qb4 Nc6 24. Rxc6 1-0

[Event "*** Titled Tuesday Blitz"]
[Site "Chess.com"]
[Date "2020.05.26"]
[Round "9"]
[White "Tlerus"]
[Black "Shield12"]
[Result "0-1"]
[WhiteElo "2577"]
[BlackElo "2801"]
[TimeControl "180+1"]
[EndTime "11:50:04 PDT"]
[Termination "Shield12 won by resignation"]

1. e4 c5 2. Nf3 Nc6 3. c3 Nf6 4. e5 Nd5 5. d4 cxd4 6. Bc4 Nb6 7. Bb3 d6 8. exd6 Qxd6 9. O-O e6 10. Na3 dxc3 11. Nb5 Qb8 12. g3 Be7 13. Bf4 e5 14.
Nxe5 Nxe5 15. Re1 cxb2 16. Rb1 Nbd7 17. Qd5 O-O 18. Rxe5 Nxe5 19. Bxe5 Be6 20. Qe4 Qc8 21. Bc2 f5 22. Qd3 Bc4 23. Bb3 Bxb3 24. Qxb3+ Kh8 25.
Qxb2 Bf6 26. Nd6 Qd7 27. Bxf6 Rxf6 28. Nxb7 Rb6 29. Qe5 Rxb1+ 0-1

[Event "*** Titled Tuesday Blitz"]
[Site "Chess.com"]
[Date "2020.05.26"]
[Round "9"]
[White "CMS13"]
[Black "MariaFominykh"]
[Result "1-0"]
[WhiteElo "2216"]
[BlackElo "2316"]
[TimeControl "180+1"]
[EndTime "11:50:05 PDT"]
[Termination "CMS13 won by resignation"]

1. e4 d6 2. Nc3 Nf6 3. Bc4 g6 4. d3 Bg7 5. f4 O-O 6. Nf3 c6 7. Bb3 b5 8. O-O Qb6+ 9. Kh1 a5 10. a4 b4 11. Ne2 Ng4 12. Qe1 Na6 13. h3 Ne3 14. Qf2 Nc5 15. Bxe3 Bxb2 16. Rab1 Bg7 17.
Bxc5 dxc5 18. Qh4 Qc7 19. Ng5 h6 20. Nf3 e6 21. Qf2 Qe7 22. Ng3 Kh8 23. f5 exf5 24. exf5 Bd7 25. Rbe1 Qd6 26. Ne4 1-0

[Event "*** Titled Tuesday Blitz"]
[Site "Chess.com"]
[Date "2020.05.26"]
[Round "9"]
[White "Stronger1799"]
[Black "Machidon"]
[Result "0-1"]
[WhiteElo "2364"]
[BlackElo "2507"]
[TimeControl "180+1"]
[EndTime "11:50:06 PDT"]
[Termination "Machidon won on time"]

1. e4 c6 2. d4 d5 3. e5 Bf5 4.
h4 Qb6 5. Nc3 h6 6. g4 Bd7 7.
Nh3 e6 8. g5 hxg5 9. Nxg5 c5 10.
Qf3 Nh6 11. Bd3 Nc6 12. dxc5 Bxc5 13. Bd2 Nxe5 14. Qg3 Nxd3+ 15. cxd3 Rc8 16. Rg1 Nf5 17. Qf4 Rxh4 18. Qf3 Rh2 19. Rg2 Rh1+ 20. Ke2 Nd4+ 0-1

[Event "*** Titled Tuesday Blitz"]
[Site "Chess.com"]
[Date "2020.05.26"]
[Round "9"]
[White "Bhagya_2312"]
[Black "crossingthestreet"]
[Result "0-1"]
[WhiteElo "2094"]
[BlackElo "2240"]
[TimeControl "180+1"]
[EndTime "11:50:06 PDT"]
[Termination "crossingthestreet won by resignation"]

1. e4 e6 2. d4 d5 3. e5 c5 4. c3 Nc6 5. Nf3 Bd7 6. Be2 cxd4 7. cxd4 Nge7 8. Na3 Nf5 9. Nc2 Rc8 10. O-O a6 11.
Bd3 Be7 12. g4 Nh4 13. Nxh4 Bxh4 14. Be3 Be7 15. f4 f6 16. Kg2 O-O 17. Qe2 Be8 18.
f5 fxe5 19. dxe5 Nxe5 20. fxe6 Nxd3 21. Rxf8+ Bxf8 22. Nd4 Bg6 23. Nf5 Ne5 24. Bd4 Bxf5 25. gxf5 Nc6 26. Be3 Qf6 27. Rf1 d4 28. Bd2 Bd6 29.
Kh1 Qe5 30. Qg2 Rf8 31. Rf2 Rxf5 32. Re2 Qf6 33. Re1 Rf2 0-1

[Event "*** Titled Tuesday Blitz"]
[Site "Chess.com"]
[Date "2020.05.26"]
[Round "9"]
[White "Zurability"]
[Black "Gennady_Kozlov"]
[Result "0-1"]
[WhiteElo "2691"]
[BlackElo "2573"]
[TimeControl "180+1"]
[EndTime "11:50:08 PDT"]
[Termination "Gennady_Kozlov won by resignation"]

1. d4 e6 2. c4 b6 3. Nf3 Bb7 4. Nc3 f5 5. d5 Nf6 6. Nd4 exd5 7.
cxd5 Nxd5 8. Nxd5 Bxd5 9. Nxf5 Bb7 10. e4 Qf6 11. Bd3 Bb4+ 12. Bd2 Qxb2 13. Rb1 Qxd2+ 14. Qxd2 Bxd2+ 15. Kxd2 g6 16. Nd4 Nc6 17. Nb5 O-O-O 18. f4 Rhf8 19. g3 a6 20. Nc3 g5 21. Rhf1 gxf4 22.
gxf4 Nd4 23. e5 Nf3+ 24. Ke2 Nxh2 25. Ne4 Nxf1 26. Rxf1 Bxe4 27. Bxe4 Rde8 28. Bg2 c5 29. Bh3 Kc7 30. Ke3 d6 31. e6 d5 32. f5 Kd6 33. Rg1 Ke5 34. Rg5 d4+ 35. Kd3 b5 36. Rg7 c4+ 37. Kd2 Rxf5 38. Bxf5 Kxf5 39. Rxh7 Rxe6 0-1

[Event "*** Titled Tuesday Blitz"]
[Site "Chess.com"]
[Date "2020.05.26"]
[Round "9"]
[White "nikitakhoroshev"]
[Black "tsvet2005"]
[Result "1-0"]
[WhiteElo "2456"]
[BlackElo "2521"]
[TimeControl "180+1"]
[EndTime "11:50:08 PDT"]
[Termination "nikitakhoroshev won by resignation"]

1. d4 d5 2. c4 e6 3. Nc3 c6 4.
Nf3 Nf6 5. Bg5 h6 6. Bxf6 Qxf6 7.
Qb3 a5 8. a3 Nd7 9. e4 a4 10.
Qc2 dxe4 11. Nxe4 Qf4 12. Be2 Nf6 13. Nc3 c5 14. Rd1 cxd4 15. Rxd4 Qc7 16. Nb5 Qa5+ 17. Qd2 Bc5 18. Nd6+ Bxd6 19. Rxd6 Ne4 20. Qxa5 Rxa5 21. Rd4 Nc5 22. O-O Ke7 23. Rfd1 b6 24. Rd6 Ra6 25. Ne5 Bb7 26. Nc6+ Bxc6 27. Rxc6 Rd8 28. Rc7+ Rd7 29. Rdxd7+ Nxd7 30. c5 Ra5 31. c6 Rc5 32. Rxd7+ Ke8 33. Rd1 1-0

[Event "*** Titled Tuesday Blitz"]
[Site "Chess.com"]
[Date "2020.05.26"]
[Round "9"]
[White "ferdipy"]
[Black "Nafania1"]
[Result "0-1"]
[WhiteElo "2273"]
[BlackElo "2456"]
[TimeControl "180+1"]
[EndTime "11:50:08 PDT"]
[Termination "Nafania1 won by resignation"]

1. e4 e6 2. d4 d5 3. e5 c5 4. c3 Nc6 5. Nf3 Bd7 6. a3 f6 7. b4 cxd4 8. cxd4 fxe5 9. dxe5 g6 10. Bd3 Bg7 11. Qe2 Nge7 12. b5 Na5 13. Nbd2 O-O 14. O-O Rc8 15. Bb2 Nf5 16. g4 Nh4 17. Nxh4 Qxh4 18.
f4 b6 19. a4 Nb7 20. Bd4 Nc5 21. Bc2 g5 22. fxg5 Qxg5 23. h3 Rxf1+ 24. Rxf1 Rf8 25. Rxf8+ Bxf8 26. Qf3 Qxd2 27. Bxh7+ Kxh7 28. Qf7+ Bg7 29. Bxc5 bxc5 30. Qxd7 Qe1+ 31. Kg2 Qe2+ 32. Kg1 Qxe5 33. Qf7 c4 34. a5 c3 35. Qxa7 Qd4+ 36. Qxd4 Bxd4+ 37. Kf1 c2 0-1

[Event "*** Titled Tuesday Blitz"]
[Site "Chess.com"]
[Date "2020.05.26"]
[Round "9"]
[White "Grandmaster2B"]
[Black "aleksandrovaleksei"]
[Result "0-1"]
[WhiteElo "2426"]
[BlackElo "2672"]
[TimeControl "180+1"]
[EndTime "11:50:09 PDT"]
[Termination "aleksandrovaleksei won by resignation"]

1. e4 e5 2. Nf3 Nc6 3. Bb5 a6 4.
Ba4 Nf6 5. O-O Be7 6. Re1 b5 7.
Bb3 d6 8. c3 O-O 9. h3 Nb8 10.
d4 Nbd7 11. Bg5 c5 12. Nbd2 Re8 13. a4 Bb7 14. Bc2 h6 15. Bh4 cxd4 16. cxd4 Qb6 17. axb5 axb5 18. dxe5 Rxa1 19. Qxa1 Nxe5 20. Nxe5 dxe5 21.
Nf3 Bb4 22. Re2 Nh5 23. b3 g5 24. Nxg5 hxg5 25. Bxg5 Qg6 26. Bc1 Nf4 27. Bxf4 exf4 28. Qd4 f3 0-1

[Event "*** Titled Tuesday Blitz"]
[Site "Chess.com"]
[Date "2020.05.26"]
[Round "9"]
[White "amiralfio"]
[Black "Leo_C"]
[Result "1-0"]
[WhiteElo "2406"]
[BlackElo "2266"]
[TimeControl "180+1"]
[EndTime "11:50:11 PDT"]
[Termination "amiralfio won by resignation"]

1. d4 d5 2. Bf4 c5 3. e3 Nc6 4. Nc3 cxd4 5. exd4 a6 6. Nf3 Bf5 7. Ne5 Rc8 8. g4 Bg6 9. h4 Nxe5 10. dxe5 d4 11.
h5 Bxc2 12. Qxc2 dxc3 13. Rd1 Qa5 14. b3 e6 15. Bg2 Qc7 16. O-O Ne7 17. Rd3 g5 18.
Bg3 Bg7 19. f4 gxf4 20. Rxf4 Bxe5 21. Rc4 Bxg3 22. Rxc7 Bxc7 23. Rxc3 Bb6+ 24. Kh2 Rxc3 25. Qxc3 O-O 26. h6 f6 27. Bxb7 a5 28. Qc4 Kf7 29.
Be4 Rc8 30. Qb5 Bc7+ 31. Kg2 1-0

[Event "*** Titled Tuesday Blitz"]
[Site "Chess.com"]
[Date "2020.05.26"]
[Round "9"]
[White "chessfrendz"]
[Black "DinaBelenkaya"]
[Result "1-0"]
[WhiteElo "2391"]
[BlackElo "2252"]
[TimeControl "180+1"]
[EndTime "11:50:11 PDT"]
[Termination "chessfrendz won by resignation"]

1. e4 d5 2. exd5 Qxd5 3. Nc3 Qa5 4. d4 Nf6 5. Bc4 Bg4 6. Nf3 e6 7. h3 Bh5 8. g4 Bg6 9. Ne5 Nbd7 10. Qe2 Bb4 11.
Bd2 O-O-O 12. O-O-O Nb6 13. g5 Nfd5 14. Nxd5 Bxd2+ 15. Rxd2 Nxc4 16. Ne7+ Kb8 17. N5c6+ Ka8 18. Nxa5 Nxa5 19. Nxg6 hxg6 20. c3 Nc6 21. Qf3 Rh4 22.
Qxf7 Rdh8 23. Qxg6 1-0